 Dungeon Crawl Stone Soup version 0.15-a0-2151-gce93697 (console) character file.

28 DeepestElf the Firebug (level 3, -1/19 HPs)
             Began as a Deep Elf Fire Elementalist on July 19, 2014.
             Was an Initiate of Cheibriados.
             Slain by an orc
             ... wielding a +0 mace
              (5 damage)
             ... on Level 3 of the Dungeon.
             The game lasted 00:03:30 (597 turns).

DeepestElf the Firebug (Deep Elf Fire Elementalist)  Turns: 597, Time: 00:03:30

HP  -1/19        AC  2     Str  6      XL: 3   Next:  0%
MP  10/10        EV 13     Int 21      God: Cheibriados [......]
Gold 92          SH  0     Dex 16      Spells:  3 memorised,  2 levels left

rFire  . . .     SeeInvis +     f - +3 dagger (venom)
rCold  . . .     Clarity  .     a - +0 robe
rNeg   . . .     rCorr    .     (no shield)
rPois  .         rRot     .     (no helmet)
rElec  .         Spirit   .     (no cloak)
SustAb .         Warding  .     (no gloves)
rMut   .         Stasis   .     (no boots)
Gourm  .                        (no amulet)
MR     .....                    (no ring)
                                j - ring of see invisible

@: very slow, not resistant to hostile enchantments, unstealthy
A: no striking features
a: Bend Time, Renounce Religion


You were on level 3 of the Dungeon.
You worshipped Cheibriados.
Cheibriados was noncommittal.
You were not hungry.

You visited 1 branch of the dungeon, and saw 3 of its levels.

You collected 92 gold pieces.

Inventory:

Hand weapons
 f - a +3 dagger of venom (weapon)
Armour
 a - a +0 robe (worn)
Comestibles
 c - a bread ration
 g - a meat ration
 i - 2 fruits
Scrolls
 d - a scroll of blinking {unknown}
 e - a scroll of teleportation {unknown}
 k - a scroll of random uselessness {unknown}
 l - 2 scrolls of identify {unknown}
Jewellery
 j - a ring of see invisible (left hand)
Potions
 h - a potion of porridge
 m - 2 potions of poison {unknown}
Books
 b - a book of Flames

   Spells                             Type                      Level
   *Flame Tongue                      Conjuration/Fire             1
   *Throw Flame                       Conjuration/Fire             2
   *Conjure Flame                     Conjuration/Fire             3
   Inner Flame                        Hexes/Fire                   3
   Sticky Flame                       Conjuration/Fire             4
   Fireball                           Conjuration/Fire             5


   Skills:
 - Level 2.4 Dodging
 - Level 2.4 Stealth
 - Level 3.0 Spellcasting
 + Level 3.2 Conjurations
 + Level 3.2 Fire Magic


You had 2 spell levels left.
You knew the following spells:

 Your Spells              Type           Power        Failure   Level  Hunger
a - Flame Tongue          Conj/Fire      ###..        3%          1    None
b - Throw Flame           Conj/Fire      ###...       6%          2    ##.....
c - Conjure Flame         Conj/Fire      ###.....     12%         3    ###....


Dungeon Overview and Level Annotations

Branches:
Dungeon (3/15)

Altars:
Cheibriados
Sif Muna


Message History

Okay, then.
Unknown command.
Your magical contamination has completely faded away.
Memorise Conjure Flame, consuming 3 spell levels and leaving 2?
You start memorising the spell.
You continue memorising.
You continue memorising. x2
You finish memorising.
Spell assigned to 'c'.
An orc comes into view. It is wielding a mace.
Found 24 arrows.
Casting: Flame Tongue
Confirm with . or Enter, or press ? or * to list all spells.
You can't see any susceptible monsters within range! (Use Z to cast anyway.)
The orc shouts!
The orc misses you. The orc barely misses you.
Press: ? - help, v - describe, . - travel
Here: an orc, wielding a mace The floor.
The orc hits you with a mace.
You die...

#.##########.#####.##...#
#.(........#............#
##########.#######.#....#
#.....#...#....#
#####.#.###....#
#.#<.......# #.#####.#..#
#o# #.#..# #@#####.####
#.......# #.####### ###


You could see an orc.

Vanquished Creatures
  2 worms
  A giant gecko (D:1)
  2 giant cockroaches
  4 goblins
  A hobgoblin (D:2)
  2 bats (D:2)
  3 kobolds
  A quokka (D:2)
16 creatures vanquished.

Notes
Turn   | Place    | Note
--------------------------------------------------------------
     0 | D:1      | DeepestElf, the Deep Elf Fire Elementalist, began the quest for the Orb.
     0 | D:1      | Reached XP level 1. HP: 10/10 MP: 5/5
   234 | D:2      | Found a snail-covered altar of Cheibriados.
   238 | D:2      | Became a worshipper of Cheibriados the Contemplative
   243 | D:2      | Reached XP level 2. HP: 10/15 MP: 1/8
   247 | D:2      | Learned a level 2 spell: Throw Flame
   338 | D:2      | Found a deep blue altar of Sif Muna.
   556 | D:3      | Reached XP level 3. HP: 1/19 MP: 8/10
   579 | D:3      | Learned a level 3 spell: Conjure Flame
   597 | D:3      | Slain by an orc

Action                   || total
-------------------------++-------
Melee: Dagger            ||    29
 Cast: Flame Tongue      ||    11
 Stab: Sleeping          ||     3
